 Dungeon Crawl Stone Soup version 0.20.1-1-g8b1a95d (webtiles) character file.

275 Greyaxe the Shield-Bearer (level 6, -3/53 HPs)
             Began as a Minotaur Fighter on Aug 13, 2017.
             Was a Follower of Yredelemnul.
             Slain by an ogre
             ... wielding a +0 giant spiked club
              (5 damage)
             ... on level 4 of the Dungeon.
             The game lasted 00:18:51 (2455 turns).

Greyaxe the Shield-Bearer (Minotaur Fighter)        Turns: 2455, Time: 00:18:52

Health: -3/53      AC:  7    Str: 23    XL:     6   Next: 3%
Magic:  5/5        EV:  8    Int:  5    God:    Yredelemnul [*.....]
Gold:   190        SH: 10    Dex:  9    Spells: 5/5 levels left

rFire    . . .     SeeInvis .   a - +0 war axe
rCold    . . .     Gourm    .   c - +0 shield
rNeg     . . .     Faith    .   b - +0 scale mail
rPois    .         Spirit   .   (helmet restricted)
rElec    .         Reflect  .   (no cloak)
rCorr    .         Harm     .   (no gloves)
MR       .....                  (no boots)
Stlth    ..........             (no amulet)
Regen    0.2/turn               (no ring)
MPRegen  0.1/turn               (no ring)

@: no status effects
A: retaliatory headbutt, horns 2
a: Animate Remains, Renounce Religion


You were on level 4 of the Dungeon.
You worshipped Yredelemnul.
Yredelemnul was aware of your devotion.
You were full.

You visited 1 branch of the dungeon, and saw 4 of its levels.

You collected 190 gold pieces.

Inventory:

Hand Weapons
 a - a +0 war axe (weapon)
Armour
 b - a +0 scale mail (worn)
 c - a +0 shield (worn)
Jewellery
 i - an uncursed ring of poison resistance {unknown}
 n - an uncursed ring of ice {unknown}
Scrolls
 m - a scroll of identify
 o - 2 scrolls of remove curse
 p - 2 scrolls of enchant weapon {unknown}
Potions
 d - 2 potions of might
 e - 2 potions of resistance
 l - a potion of ambrosia
Comestibles
 f - 2 bread rations
 g - a royal jelly
 h - a meat ration


   Skills:
 + Level 4.6 Fighting
 + Level 4.7 Axes
 + Level 4.6 Armour
 + Level 1.4 Dodging
 + Level 0.3 Stealth
 + Level 5.0 Shields
 + Level 0.8 Invocations


You had 5 spell levels left.
You didn't know any spells.

Dungeon Overview and Level Annotations

Branches:
Dungeon (4/15)
 Temple: D:4-7

Altars:
Cheibriados
Fedhas
Makhleb
Trog
Yredelemnul


Innate Abilities, Weirdness & Mutations

You reflexively headbutt those who attack you in melee.
You have a pair of horns on your head.


Message History

You block the orc wizard's attack. You block the orc priest's attack.
The ogre hits you with a giant spiked club!!
* * * LOW HITPOINT WARNING * * *
The orc wizard hits you but does no damage.
You feel better.
The orc priest hits you with a hand axe of electrocution.
* * * LOW HITPOINT WARNING * * *
The orc wizard hits you but does no damage.
The ogre barely misses you.
It was a potion of magic.
Magic courses through your body.
The orc priest hits you with a hand axe of electrocution.
* * * LOW HITPOINT WARNING * * *
You block the orc wizard's attack.
Okay, then.
As you read the scroll labeled QUHUHO WIUV, it crumbles to dust.
It is a scroll of recharging.
You aren't carrying any rechargeable items.
The ogre hits you with a giant spiked club.
You die...
Your body rises from the dead as a mindless zombie.

#..........####. .<....
#.....(.......#. #.....
#.............#. #.....
#.#####.......#. #.....
#.#####.......#. #.....
#............... #.....
#########.######
#....o#####....†.......
#....o@............####
#####O.............# #
#.....)........####
#........>.....##⌠⌠
#..............##⌠#
#......##########⌠#
######## #....⌠#
#....⌠⌠ #......


You could see an ogre, an orc priest and an orc wizard.

Vanquished Creatures
  An orc priest (D:3)
  Crazy Yiuf (D:2)
  The ghost of broninjaking the Ducker, a weakling DsGl (D:3)
  3 gnolls (D:3)
  7 adders
  An adder zombie (D:3)
  An adder skeleton (D:3)
  4 worms
  A dart slug (D:3)
  6 orcs
  9 bats
  7 giant cockroaches
  2 gnoll zombies (D:2)
  3 goblins
  7 hobgoblins
  8 jackals
  10 kobolds
  A ball python (D:3)
  A ball python skeleton (D:3)
  2 frilled lizards
  A jackal skeleton (D:4)
  A quokka skeleton (D:3)
  8 rats
86 creatures vanquished.

Vanquished Creatures (collateral kills)
  An adder (D:3)
  A giant cockroach (D:3)
  A withered plant (D:3)
3 creatures vanquished.

Vanquished Creatures (others)
  A worm zombie (D:3)
  A giant cockroach zombie (D:3)
2 creatures vanquished.

Grand Total: 91 creatures vanquished

Notes
Turn   | Place    | Note
-------+----------+-------------------------------------------
     0 | D:1      | Greyaxe the Minotaur Fighter began the quest for the Orb.
     0 | D:1      | Reached XP level 1. HP: 19/19 MP: 0/0
   113 | D:1      | Reached XP level 2. HP: 24/27 MP: 1/1
   297 | D:1      | Reached skill level 4 in Shields
   543 | D:1      | Reached XP level 3. HP: 29/33 MP: 2/2
   822 | D:2      | Found a basalt altar of Yredelemnul.
   834 | D:2      | Became a worshipper of Yredelemnul the Dark
   878 | D:2      | Reached XP level 4. HP: 40/40 MP: 3/3
  1096 | D:2      | Found a snail-covered altar of Cheibriados.
  1099 | D:2      | Found a blossoming altar of Fedhas.
  1102 | D:2      | Found a bloodstained altar of Trog.
  1134 | D:2      | Found a faded altar of an unknown god.
  1235 | D:2      | Found a runed door.
  1239 | D:2      | Noticed Crazy Yiuf
  1245 | D:2      | Killed Crazy Yiuf
  1245 | D:2      | Reached skill level 1 in Dodging
  1664 | D:3      | Reached XP level 5. HP: 47/47 MP: 4/4
  1725 | D:3      | Noticed broninjaking's ghost (weakling DsGl)
  1740 | D:3      | Killed broninjaking's ghost
  1853 | D:3      | Reached * piety under Yredelemnul
  1947 | D:3      | Reached skill level 5 in Shields
  2264 | D:3      | Reached XP level 6. HP: 53/53 MP: 5/5
  2374 | D:4      | Found a burning altar of Makhleb.
  2452 | D:4      | HP: 1/53 [ogre/giant spiked club (25)]
  2455 | D:4      | Slain by an ogre

Skill      XL: |  1  2  3  4  5 |
---------------+----------------+-----
Fighting       | 4 |  4.6
Shields        | 4 5 |  5.0
Axes           | 3 4 |  4.7
Armour         | 4 |  4.6
Dodging        | 1 |  1.4
Stealth        | |  0.3
Invocations    | |  0.8

Action                   |  1- 3 |  4- 6 || total
-------------------------+-------+-------++-------
Melee: War axe           |    94 |   137 ||   231
       Headbutt          |    16 |    25 ||    41
Invok: Animate Remains   |       |     7 ||     7
  Use: Scroll            |     3 |     3 ||     6
       Potion            |     3 |     3 ||     6
  Eat: Bread ration      |       |     1 ||     1
       Royal jelly       |       |     1 ||     1
       Meat ration       |       |     1 ||     1
Armor: Scale mail        |    72 |    51 ||   123
Dodge: Dodged            |    42 |    44 ||    86
Block: Shield            |    62 |    69 ||   131
